[Event "Early-Titled-Tuesday-Blitz-October-24-2023"]
[Site "Chess.com"]
[Date "2023.10.24"]
[Round "5"]
[White "HanSchut"]
[Black "chess123456s"]
[Result "0-1"]
[WhiteElo "2286"]
[BlackElo "2534"]
[TimeControl "180+1"]
[EndTime "8:55:02 PDT"]
[Termination "chess123456s won on time"]

1. e4 e5 2. Nf3 Nc6 3. Bc4 Nf6 4. d4 exd4 5. e5 d5 6. Bb5 Ne4 7. Nxd4 Bc5 8. Be3 O-O 9. Nxc6 bxc6 10. Bxc5 Nxc5 11. Bxc6 Rb8 12. Qxd5 Qe7 13. O-O Rxb2 14. Nc3 Rxc2 15. Qd4 Ne6 16. Qd3 Rb2 17. Nd5 Qc5 18. Rac1 Qd4 19. Qg3 Ba6 20. Rfd1 Rd2 21. Re1 Qd3 22. h4 Qxg3 23. fxg3 Rd8 24. Nf4 Rxa2 25. Red1 Rxd1+ 26. Rxd1 Bc4 27. Rd7 g6 28. Nxe6 Bxe6 29. Rxc7 Rc2 30. Kh2 Kg7 31. g4 Bd5 32. Bxd5 Rxc7 33.
e6 fxe6 34. Bxe6 a5 35. h5 gxh5 36. gxh5 a4 37. g4 a3 38. g5 a2 39. Bxa2 Rc2+ 40. Kg3 Rxa2 0-1

[Event "Early-Titled-Tuesday-Blitz-October-24-2023"]
[Site "Chess.com"]
[Date "2023.10.24"]
[Round "5"]
[White "dosto07"]
[Black "Jojo_898"]
[Result "0-1"]
[WhiteElo "2492"]
[BlackElo "2358"]
[TimeControl "180+1"]
[EndTime "8:55:02 PDT"]
[Termination "Jojo_898 won on time"]

1. e4 d6 2. d4 Nf6 3. Nc3 g6 4. Nf3 c6 5. a4 Bg7 6. Be2 h5 7. O-O O-O 8. Bg5 Nbd7 9. Qd2 e5 10. Rad1 Qb6 11. b3 Re8 12. d5 cxd5 13. Nxd5 Nxd5 14. Qxd5 Nc5 15. Be3 Be6 16. Bxc5 dxc5 17. Qd6 Qb4 18. Qd3 Rac8 19. Nd2 Red8 20. Qe3 a6 21. Nc4 b5 22. axb5 axb5 23. Nd6 Rb8 24. c3 Qxb3 25. Rb1 Qa2 26.
Nxb5 Rd2 27. Rfe1 Bd7 28. Ra1 Rxe2 29. Qxe2 Qxe2 30. Rxe2 Rxb5 31. h3 c4 32. Ra8+ Kh7 33.
Ra7 Be6 34. Rc2 Rb1+ 35. Kh2 Re1 36. f3 Bh6 37. g3 Re3 38. Kg2 Rd3 39. Rc7 Bd2 40.
Kf2 Bxc3 41. Ke2 Bd4 42. Rc6 Re3+ 43. Kd2 Rxf3 0-1

[Event "Early-Titled-Tuesday-Blitz-October-24-2023"]
[Site "Chess.com"]
[Date "2023.10.24"]
[Round "5"]
[White "Krakozia"]
[Black "djokovic74"]
[Result "0-1"]
[WhiteElo "2949"]
[BlackElo "2708"]
[TimeControl "180+1"]
[EndTime "8:55:03 PDT"]
[Termination "djokovic74 won on time"]

1. e4 e6 2. d4 d5 3. exd5 exd5 4. Nf3 Bd6 5. c4 Nf6 6. Nc3 O-O 7. cxd5 Nbd7 8. Bg5 h6 9. Bh4 Nb6 10. Be2 Be7 11.
Bxf6 Bxf6 12. Qb3 a5 13. a4 Bg4 14. Rd1 Bxf3 15. Bxf3 Re8+ 16. Kf1 Qd7 17. Qb5 Qd6 18. g3 Qb4 19. Kg2 Bxd4 20. Qxb4 axb4 21. Nb5 Be5 22.
b3 Bd6 23. Nxd6 cxd6 24. Rd4 Nd7 25. Rxb4 Nc5 26. Rb6 Ra6 27. Rb5 g5 28. a5 Re7 29. h4 Kg7 30. hxg5 hxg5 31. Rh5 Kg6 32. Rh8 f5 33. Kf1 g4 34. Bg2 Kf6 35. Rh6+ Ke5 36. f4+ Kd4 37. Bf3 gxf3 38. Rh4 Re2 39. Rh8 Ne4 0-1

[Event "Early-Titled-Tuesday-Blitz-October-24-2023"]
[Site "Chess.com"]
[Date "2023.10.24"]
[Round "5"]
[White "MidnightFox"]
[Black "Makswolf200817"]
[Result "1-0"]
[WhiteElo "2500"]
[BlackElo "2627"]
[TimeControl "180+1"]
[EndTime "8:55:03 PDT"]
[Termination "MidnightFox won on time"]

1. d4 d5 2. c4 e6 3. Nf3 Nf6 4. g3 dxc4 5. Bg2 c6 6. O-O b5 7. Qc2 Bb7 8. e4 Be7 9. Bf4 c5 10. dxc5 Bxe4 11. Qc1 Nbd7 12. Nc3 Nxc5 13. Nxb5 O-O 14.
Rd1 Qb6 15. Qxc4 Rac8 16. Nd6 Bxd6 17. Rxd6 Qxb2 18. Be5 Qa3 19. Rc1 Bxf3 20. Rc3 Ncd7 21. Qxc8 Rxc8 22. Rxc8+ Nf8 23. Rdd8 Bxg2 24. Bd6 Qxd6 25.
Rxd6 Bb7 26. Rb8 Bd5 27. Rdd8 g6 28. Rxf8+ Kg7 29. Rfd8 Ne4 30. Rd7 Kf6 31. Rf8 Ng5 32. Rxa7 Nf3+ 33. Kf1 Nxh2+ 34. Ke2 Ng4 35. Rfxf7+ Ke5 36. Rxh7 Kd4 37. Ra4+ Bc4+ 38. Ke1 Ne5 39. Rc7 1-0

[Event "Early-Titled-Tuesday-Blitz-October-24-2023"]
[Site "Chess.com"]
[Date "2023.10.24"]
[Round "5"]
[White "venturov"]
[Black "Buzhizhebuguai"]
[Result "1-0"]
[WhiteElo "2492"]
[BlackElo "2614"]
[TimeControl "180+1"]
[EndTime "8:55:03 PDT"]
[Termination "venturov won by resignation"]

1. e4 c5 2. Nf3 Nc6 3. Bc4 d6 4. O-O Nf6 5. Re1 e6 6. d3 Be7 7.
c3 a6 8. Bb3 O-O 9. d4 b5 10.
Qe2 Bb7 11. Nbd2 cxd4 12. cxd4 Re8 13. e5 dxe5 14. dxe5 Nd5 15. Ne4 Ndb4 16. Rd1 Qc7 17. Bf4 Rad8 18. Nd6 Rf8 19. Rac1 Bxd6 20. exd6 Qd7 21.
a3 Nd5 22. Bxd5 exd5 23. Rxd5 Rfe8 24. Qd1 Qg4 25. Bg3 h6 26. h3 Qg6 27. Rd2 Rd7 28. Re2 Red8 29. Qe1 Qf5 30. Rec2 Na5 31. Qxa5 Bxf3 32.
gxf3 Qxf3 33. Qc3 Qf5 34. Rd2 Qxh3 35. Re1 Qg4 36. Qd4 Qg6 37. Qe4 Qg5 38. Qf4 Qg6 39. Kf1 h5 40. Re7 Kh7 41. Rxd7 Rxd7 42. Re2 Rd8 43. Qe4 f5 44. Qf4 Rc8 45. Kg2 Rc4 46. Qe5 h4 47. d7 hxg3 48. d8=Q gxf2+ 49. Kxf2 Rg4 50. Qh2+ 1-0

[Event "Early-Titled-Tuesday-Blitz-October-24-2023"]
[Site "Chess.com"]
[Date "2023.10.24"]
[Round "5"]
[White "slorovel"]
[Black "McCarthyStone"]
[Result "1-0"]
[WhiteElo "2465"]
[BlackElo "2317"]
[TimeControl "180+1"]
[EndTime "8:55:03 PDT"]
[Termination "slorovel won by checkmate"]

1. e4 e5 2. Nf3 d6 3. d4 exd4 4. Nxd4 Nf6 5. Nc3 g6 6. Be2 Bg7 7. O-O O-O 8. Be3 Re8 9. f3 d5 10. Bg5 h6 11. Bxf6 Qxf6 12. Nb3 dxe4 13. fxe4 Qb6+ 14. Kh1 c6 15. Bc4 Be6 16. Bxe6 Rxe6 17. Qf3 Re7 18. Rad1 Nd7 19. a3 Rae8 20. Rd6 Ne5 21.
Qe2 Qc7 22. Rfd1 h5 23. a4 Ng4 24. g3 Bxc3 25. bxc3 Qb6 26. R6d4 Rxe4 27. Qf3 Re3 28. Qf4 Re2 29. Rf1 f5 30. h3 Ne3 31. Qd6 c5 32. Qd7 Nxf1 33. Rd6 Qa5 34. Rxg6+ Kh8 35. Qg7# 1-0

[Event "Early-Titled-Tuesday-Blitz-October-24-2023"]
[Site "Chess.com"]
[Date "2023.10.24"]
[Round "5"]
[White "WindWhistler11"]
[Black "Flameboard08"]
[Result "0-1"]
[WhiteElo "2446"]
[BlackElo "2603"]
[TimeControl "180+1"]
[EndTime "8:55:04 PDT"]
[Termination "Flameboard08 won on time"]

1. Nf3 b6 2. b3 Bb7 3. Bb2 c5 4. e3 Nc6 5. g3 Nf6 6. Bg2 e6 7. c4 Be7 8. d3 d5 9. O-O O-O 10. Qe2 Re8 11. Rd1 a6 12. Nbd2 b5 13. Rac1 Qb6 14. e4 Rad8 15. e5 Ng4 16. h3 Nh6 17.
g4 Rd7 18. Nf1 Red8 19. cxd5 Rxd5 20. Ng3 Kh8 21. g5 Ng8 22. Ne4 Nb4 23. Nf6 gxf6 24. gxf6 Bxf6 25. exf6 Rf5 26. Ne5 Qc7 27. Rxc5 Rxe5 28.
Rxe5 Nh6 29. Rh5 Rg8 30. Rxh6 Rxg2+ 31. Kf1 Qh2 32. Qe3 Nd5 33. Qf3 Nf4 0-1

[Event "Early-Titled-Tuesday-Blitz-October-24-2023"]
[Site "Chess.com"]
[Date "2023.10.24"]
[Round "5"]
[White "tarno17"]
[Black "Xqswdc"]
[Result "0-1"]
[WhiteElo "2102"]
[BlackElo "2332"]
[TimeControl "180+1"]
[EndTime "8:55:04 PDT"]
[Termination "Xqswdc won by checkmate"]

1. e4 g6 2. d4 Bg7 3. f4 d5 4.
Nd2 Bxd4 5. Ngf3 dxe4 6. Nxe4 Nc6 7. Bb5 Bb6 8. Qxd8+ Kxd8 9. Bxc6 bxc6 10. Ne5 Ke8 11. Bd2 Bf5 12. Nf2 Nf6 13. O-O Rd8 14. Bb4 Ne4 15.
Nxc6 Nxf2 16. Rxf2 Rd7 17. Ne5 Rd5 18. Bc3 f6 19.
Nc4 Bxf2+ 20. Kxf2 Kf7 21. h3 Rhd8 22. g4 Bc8 23.
Re1 Ba6 24. Ne3 Rc5 25. f5 g5 26. Kg3 Bc4 27. h4 gxh4+ 28. Kxh4 Bxa2 29. Re2 Bc4 30. Rf2 h5 31. g5 fxg5+ 32. Kxg5 Rg8+ 33. Kxh5 Kf8 34. Ng4 Bf7+ 35. Kh4 Rc4 36. Rg2 Bd5 37. Rg3 Bf3 38.
Kh3 Bxg4+ 39. Kh2 Bxf5 40. Re3 Rh4+ 41. Rh3 Rxh3# 0-1

[Event "Early-Titled-Tuesday-Blitz-October-24-2023"]
[Site "Chess.com"]
[Date "2023.10.24"]
[Round "5"]
[White "FairChess_on_YouTube"]
[Black "Nitzan_Steinberg"]
[Result "1-0"]
[WhiteElo "3101"]
[BlackElo "2879"]
[TimeControl "180+1"]
[EndTime "8:55:05 PDT"]
[Termination "FairChess_on_YouTube won by resignation"]

1. c4 e5 2. Nc3 Nf6 3. e3 Bb4 4. Nge2 O-O 5. a3 Bxc3 6. Nxc3 Re8 7. b4 b6 8. Be2 Bb7 9. O-O a5 10. Bb2 Nc6 11. b5 Ne7 12. d4 exd4 13. Qxd4 d6 14. Rad1 Ng6 15. Nd5 Bxd5 16. cxd5 h5 17. Rd2 h4 18. h3 Re4 19. Qc3 Qe7 20. Rc1 Ra7 21. Bd3 Re5 22. Qc4 Rg5 23. Bxg6 Rxg6 24. Qf4 Qd7 25.
Bxf6 Rxf6 26. Qc4 Rg6 27. Kf1 a4 28. Rb2 Qf5 29. Rb4 Qe5 30. Qc6 Rf6 31. Rxh4 Qxe3 32. Rc2 g6 33. Re2 Rxf2+ 34. Rxf2 Kg7 35. Rf3 Qc1+ 36.
Qxc1 1-0

[Event "Early-Titled-Tuesday-Blitz-October-24-2023"]
[Site "Chess.com"]
[Date "2023.10.24"]
[Round "5"]
[White "NovoselovRoman"]
[Black "viktorgen2021"]
[Result "0-1"]
[WhiteElo "2558"]
[BlackElo "2439"]
[TimeControl "180+1"]
[EndTime "8:55:05 PDT"]
[Termination "viktorgen2021 won on time"]

1. d4 Nf6 2. Nc3 g6 3. e4 Bg7 4. Bf4 O-O 5. Nf3 d6 6. Qd2 c6 7.
Bh6 b5 8. Bd3 Nbd7 9. h4 e5 10.
O-O-O Qe7 11. h5 Nxh5 12. Rxh5 gxh5 13. Rh1 exd4 14. Bxg7 Kxg7 15. Rxh5 f6 16. Nxd4 Ne5 17. Nce2 c5 18. Nxb5 c4 19. Qh6+ Kg8 20. Nf4 cxd3 21. Nxd6 d2+ 22. Kd1 Bg4+ 23. f3 Nxf3 24. gxf3 Bxf3+ 25.
Kxd2 Qxd6+ 26. Ke3 Bxe4 27. Kxe4 f5+ 28. Kf3 Qxh6 29.
Rxh6 Kg7 30. Rd6 Rf7 31. Nh5+ Kf8 32. Kf4 Rc8 33. c3 Rc4+ 34. Ke5 Re4+ 35. Kd5 Re1 36. Kc6 f4 37. Rd8+ Ke7 38. Rd7+ Ke8 39. Ng7+ Kf8 0-1

[Event "Early-Titled-Tuesday-Blitz-October-24-2023"]
[Site "Chess.com"]
[Date "2023.10.24"]
[Round "5"]
[White "Fan_Of_Chucky"]
[Black "alexrustemov"]
[Result "0-1"]
[WhiteElo "2531"]
[BlackElo "2777"]
[TimeControl "180+1"]
[EndTime "8:55:06 PDT"]
[Termination "alexrustemov won on time"]

1. d4 d5 2. c4 dxc4 3. e4 Nf6 4. e5 Nd5 5. Bxc4 Nb6 6. Bd3 Nc6 7. Nf3 Be6 8. O-O Qd7 9. Be3 Bg4 10. h3 Bh5 11. Be4 e6 12. Nc3 Bg6 13. Bxg6 hxg6 14. Qd3 O-O-O 15. Rfd1 Kb8 16. a4 a6 17. a5 Nd5 18. Nxd5 Qxd5 19. Rdc1 Be7 20. Qc2 Rd7 21.
Qc4 Qxc4 22. Rxc4 Rd5 23. Bd2 Rhd8 24. Bc3 Rb5 25. Kf1 Rdd5 26. Rca4 Bb4 27. Bxb4 Nxb4 28. Ke2 Nc6 29. Ke3 Rb3+ 30. Ke4 Rxb2 31. R1a2 Rbb5 32. Ng5 Rd7 33. R2a3 f5+ 34. exf6 gxf6 35. Nf3 Rdd5 36. Nd2 Rxa5 37. Rxa5 Nxa5 38. Rg3 g5 39. f4 f5+ 40.
Ke3 gxf4+ 41. Kxf4 Rxd4+ 42. Ke5 Rxd2 43. h4 Rd6 44. h5 Nc6+ 0-1

[Event "Early-Titled-Tuesday-Blitz-October-24-2023"]
[Site "Chess.com"]
[Date "2023.10.24"]
[Round "5"]
[White "Arimin1329"]
[Black "dennisodessa"]
[Result "1-0"]
[WhiteElo "2325"]
[BlackElo "2548"]
[TimeControl "180+1"]
[EndTime "8:55:06 PDT"]
[Termination "Arimin1329 won on time"]

1. d4 Nf6 2. Nf3 c5 3. e3 b6 4.
b3 Bb7 5. Bb2 e6 6. Nbd2 Be7 7.
Bd3 cxd4 8. Bxd4 O-O 9. O-O Nc6 10. Bb2 d5 11. c4 Nb4 12. Be2 Rc8 13. Ne5 dxc4 14.
Ndxc4 Qd5 15. Bf3 Qxd1 16. Rfxd1 Bxf3 17. Nxf3 Rfd8 18. Nfe5 Kf8 19. Rxd8+ Rxd8 20. Ba3 Rc8 21. h3 Nc2 22. Bxe7+ Kxe7 23. Rd1 Nb4 24. a3 Nbd5 25. Nxf7 b5 26. Ncd6 Rf8 27. Rc1 Rxf7 28. Nxf7 Kxf7 29.
Rc5 b4 30. axb4 Nxb4 31. Rc7+ Kg6 32. Rxa7 Ne4 33. Rb7 Nd5 34. b4 Kf6 35. f3 Nd6 36. Rd7 Nc4 37. e4 Nxb4 38. Rd4 1-0

[Event "Early-Titled-Tuesday-Blitz-October-24-2023"]
[Site "Chess.com"]
[Date "2023.10.24"]
[Round "5"]
[White "Ranindu2003"]
[Black "SharapovEvgeny"]
[Result "1/2-1/2"]
[WhiteElo "2807"]
[BlackElo "2620"]
[TimeControl "180+1"]
[EndTime "8:55:07 PDT"]
[Termination "Game drawn - insufficient material"]

1. e4 c5 2. Nf3 d6 3. d4 cxd4 4. Nxd4 Nf6 5. Nc3 Nc6 6. Bg5 e6 7. Qd3 Be7 8. O-O-O O-O 9. Be2 Nxd4 10. Qxd4 Qa5 11. h4 Rd8 12. Kb1 Bd7 13. g4 Bc6 14.
Bd2 Qc5 15. Qxc5 dxc5 16. f3 a6 17. a4 Rd7 18. Be3 Rad8 19. Rxd7 Rxd7 20. h5 h6 21. g5 hxg5 22. Bxg5 Nh7 23. Be3 Bf6 24. Bxc5 Bxc3 25. bxc3 Bxa4 26. Rg1 Bb5 27. Bxb5 axb5 28. h6 g6 29. Bd4 Nf8 30. Kb2 Kh7 31. f4 Rc7 32.
Rg5 Nd7 33. Kb3 f6 34. Rxb5 Kxh6 35. Ra5 b6 36. Ra6 Rb7 37. Ra8 e5 38. fxe5 fxe5 39.
Be3+ Kg7 40. Re8 Kf6 41. Kc4 Rc7+ 42. Kd3 Nc5+ 43. Bxc5 bxc5 44. Kc4 g5 45. Rf8+ Rf7 46.
Rh8 g4 47. Rh1 Kg5 48. Kxc5 Rc7+ 49. Kd5 Rxc3 50. Kxe5 Rxc2 51. Kd6 Rd2+ 52. Ke6 Kf4 53. e5 Re2 54. Rf1+ Kg3 55. Kf6 Kg2 56. Rc1 g3 57. e6 Kf2 58. Rc7 g2 59. Rg7 Re3 60. Rxg2+ Kxg2 61. e7 Kf3 62. Kf7 Kf4 63. e8=Q Rxe8 64.
Kxe8 1/2-1/2

[Event "Early-Titled-Tuesday-Blitz-October-24-2023"]
[Site "Chess.com"]
[Date "2023.10.24"]
[Round "5"]
[White "milovichalex"]
[Black "m_ezat"]
[Result "0-1"]
[WhiteElo "2305"]
[BlackElo "2589"]
[TimeControl "180+1"]
[EndTime "8:55:07 PDT"]
[Termination "m_ezat won on time"]

1. e4 c6 2. Nc3 d5 3. exd5 cxd5 4. d4 a6 5. Nf3 Bg4 6. Be2 Nc6 7. h3 Bh5 8. O-O e6 9. Re1 Nf6 10. Ne5 Bxe2 11. Nxe2 Nxe5 12. dxe5 Nd7 13. Nd4 Rc8 14. c3 Be7 15. Qg4 g6 16. Bh6 Nc5 17. Re3 Qb6 18.
b3 Ne4 19. Rc1 Qxd4 20. cxd4 Rxc1+ 21. Kh2 Rh1+ 22. Kxh1 Nxf2+ 23. Kg1 Nxg4 24. hxg4 g5 25. Rc3 Kd7 26. Rf3 Ke8 27. Rc3 Bd8 28. Kf2 Rg8 29. Rc8 Kd7 30. Ra8 Re8 31. a4 f6 32. exf6 Bxf6 33.
Rxe8 Kxe8 34. Ke3 Kf7 35. Kd3 Be7 36. Kc3 Kg6 37. b4 Kxh6 38. b5 Kg6 0-1

[Event "Early-Titled-Tuesday-Blitz-October-24-2023"]
[Site "Chess.com"]
[Date "2023.10.24"]
[Round "5"]
[White "adotand"]
[Black "Doomfist26"]
[Result "0-1"]
[WhiteElo "2839"]
[BlackElo "2643"]
[TimeControl "180+1"]
[EndTime "8:55:08 PDT"]
[Termination "Doomfist26 won by resignation"]

1. Nf3 Nf6 2. c4 g6 3. g3 Bg7 4. Bg2 O-O 5. O-O c5 6. Nc3 Nc6 7. d3 d6 8. a3 a6 9. Bd2 Rb8 10. Rb1 b5 11. cxb5 axb5 12. b4 cxb4 13. axb4 Bd7 14. h4 Qc8 15. Ng5 h6 16. Nge4 Nxe4 17. Nxe4 Bh3 18. Rc1 Bxg2 19. Kxg2 Qb7 20. f3 Ra8 21. g4 Ra2 22. Qb3 Rb2 23. Qd5 Rc8 24. h5 gxh5 25. gxh5 Qd7 26. Rg1 Nxb4 27. Rxc8+ Qxc8 28. Qxb5 d5 29. Kf2 dxe4 30. Qe5 Nxd3+ 31. exd3 Rxd2+ 32.
Ke3 Rxd3+ 33. Kf4 Rxf3+ 34. Kxe4 Qc6+ 35. Kd4 Qc3+ 0-1

[Event "Early-Titled-Tuesday-Blitz-October-24-2023"]
[Site "Chess.com"]
[Date "2023.10.24"]
[Round "5"]
[White "ImBushchess"]
[Black "SargissyanSargis"]
[Result "0-1"]
[WhiteElo "2238"]
[BlackElo "2409"]
[TimeControl "180+1"]
[EndTime "8:55:08 PDT"]
[Termination "SargissyanSargis won by resignation"]

1. e4 c5 2. Nf3 Nc6 3. d3 Nf6 4. g3 d5 5. Nbd2 g6 6. Bg2 Bg7 7. O-O O-O 8. exd5 Nxd5 9. Ne4 b6 10. a3 Bb7 11. Rb1 Qd7 12. h4 Rad8 13. h5 Nf6 14. h6 Bh8 15. Nfg5 Nxe4 16. Nxe4 Nd4 17. Bg5 f6 18.
Bd2 f5 19. Ng5 Bxg2 20. Kxg2 Qc6+ 21. f3 e5 22. c3 Ne6 23. Qb3 c4 24. Qa2 Rxd3 25.
Rf2 Rxd2 26. Rxd2 Nxg5 27. Rf1 Bf6 28. Qb1 e4 29. Qd1 exf3+ 30. Kh2 Ne4 31. Rd7 f2 32. Rxa7 Be5 33. Qa4 Bxg3+ 34. Kg2 Qxa4 35. Rxa4 Nd2 36.
Rd1 f1=Q+ 37. Rxf1 Nxf1 38. Kxf1 Rc8 39. Ra7 Bf4 40.
Rg7+ Kh8 0-1

[Event "Early-Titled-Tuesday-Blitz-October-24-2023"]
[Site "Chess.com"]
[Date "2023.10.24"]
[Round "5"]
[White "NowInChess"]
[Black "ChessBliss09"]
[Result "1-0"]
[WhiteElo "2231"]
[BlackElo "2018"]
[TimeControl "180+1"]
[EndTime "8:55:08 PDT"]
[Termination "NowInChess won by checkmate"]

1. e4 e6 2. d3 d5 3. Nd2 c5 4.
g3 Nc6 5. Bg2 Nf6 6. Ngf3 Be7 7.
O-O O-O 8. e5 Nd7 9. Re1 Qc7 10.
Qe2 b5 11. h4 b4 12. Nf1 a5 13.
Bf4 Ba6 14. c3 Rab8 15. N1h2 a4 16. a3 bxc3 17. bxc3 c4 18. d4 Rb3 19. Rec1 Rfb8 20.
Ng5 h6 21. Qh5 hxg5 22. hxg5 g6 23. Qh4 Bf8 24. Ng4 Bg7 25. Nf6+ Kf8 26. Qh7 Ke7 27. Qxg7 Qd8 28. Nxd5+ exd5 29. Bxd5 Qf8 30. Qxf8+ Nxf8 31. Bxc6 R8b6 32. Be4 Ne6 33. Be3 Rb2 34. d5 R6b3 35.
dxe6 Kxe6 36. Bd4 Rc2 37. Bxc2 Rb2 38. Bxa4 Bb7 39. Rab1 Ra2 40. Rxb7 Rxa3 41. Rb6+ Kf5 42. Bd7+ Ke4 43. Bc6+ Kd3 44. Rb2 Ra6 45. Rd1# 1-0

[Event "Early-Titled-Tuesday-Blitz-October-24-2023"]
[Site "Chess.com"]
[Date "2023.10.24"]
[Round "5"]
[White "Iskusnyh"]
[Black "lluiss"]
[Result "1-0"]
[WhiteElo "2579"]
[BlackElo "2206"]
[TimeControl "180+1"]
[EndTime "8:55:09 PDT"]
[Termination "Iskusnyh won by resignation"]

1. d4 Nf6 2. c4 g6 3. g3 c6 4.
Bg2 d5 5. e3 Bg7 6. Ne2 O-O 7.
b3 a5 8. Nbc3 Bf5 9. O-O Ne4 10.
Bb2 Qd7 11. Na4 Ra6 12. f3 Nf6 13. Nc5 Qc7 14. Nxa6 Nxa6 15. Nc3 Qd7 16. Rf2 Nb4 17. Rd2 Bh3 18. Bh1 Qe6 19. Qe2 Bh6 20. Re1 Nh5 21.
a3 Na6 22. cxd5 cxd5 23. f4 Nc7 24. Bf3 Nf6 25. Rc2 Ne4 26. Nxe4 dxe4 27. Rxc7 exf3 28. Qxf3 Qxb3 29. Rxb7 Qc2 30. Qe2 Qe4 31. Rb5 Bg7 32.
d5 Rc8 33. Rc1 Rxc1+ 34. Bxc1 Bd4 35. Rb8+ Kg7 36. Bb2 Bxb2 37. Qxb2+ Kh6 38. Qd2 Qa4 39. Rb1 Qxa3 40. e4 Qf3 41. f5+ Kg7 42. Re1 gxf5 43. Qf2 Qxf2+ 44. Kxf2 fxe4 45. Rxe4 Kf6 46. g4 e6 47. Kg3 Bf1 48. Rf4+ Ke5 49. dxe6 1-0

[Event "Early-Titled-Tuesday-Blitz-October-24-2023"]
[Site "Chess.com"]
[Date "2023.10.24"]
[Round "5"]
[White "Zhigalko_Sergei"]
[Black "Aswathchess"]
[Result "1-0"]
[WhiteElo "2962"]
[BlackElo "2660"]
[TimeControl "180+1"]
[EndTime "8:55:10 PDT"]
[Termination "Zhigalko_Sergei won by resignation"]

1. e4 g6 2. d4 Bg7 3. Nc3 d6 4. Nf3 a6 5. Be3 b5 6. a4 b4 7.
Ne2 Nf6 8. Ng3 Bb7 9. Bd3 O-O 10. O-O Nbd7 11. a5 c5 12. c3 bxc3 13. bxc3 Qc7 14. h3 Rfc8 15. Re1 e6 16. Qd2 d5 17. e5 Ne4 18. Bxe4 dxe4 19. Ng5 Rd8 20. Qe2 Nxe5 21. dxe5 Qxe5 22. Rab1 Bc6 23. Rb6 Rac8 24. Qxa6 Bd5 25. c4 Ra8 26. Qb5 Qc3 27. Rc1 Bxc4 28. Qxc4 Rd1+ 29.
Kh2 Rxc1 30. Qxe4 Rd8 31. Qf4 f6 32. Nxe6 Qe1 33. Bxc1 Rd1 34. Qb8+ Kf7 35. Qc7+ Kg8 36. Rb8+ 1-0

[Event "Early-Titled-Tuesday-Blitz-October-24-2023"]
[Site "Chess.com"]
[Date "2023.10.24"]
[Round "5"]
[White "abc_xyz4744"]
[Black "Karttunen"]
[Result "0-1"]
[WhiteElo "2392"]
[BlackElo "2618"]
[TimeControl "180+1"]
[EndTime "8:55:10 PDT"]
[Termination "Karttunen won by resignation"]

1. e4 e5 2. Nf3 Nc6 3. Bc4 Nf6 4. d3 h6 5. c3 Be7 6. Nbd2 d6 7. O-O g5 8. Re1 Rg8 9. Nf1 Rg7 10. d4 Bd7 11. Ng3 Qc8 12. b4 Bg4 13. h3 Bd7 14. b5 Na5 15.
Bd3 g4 16. dxe5 dxe5 17. Nxe5 gxh3 18. Bxh6 Rg8 19. Nxd7 Qxd7 20. e5 Qd5 21. Be4 Qxd1 22. Raxd1 Nxe4 23. Rxe4 hxg2 24. Nf5 Rg6 25. Be3 b6 26.
Rf4 Rd8 27. Rxd8+ Bxd8 28. Rf3 Nc4 29. Bd4 Na3 30. Rh3 Nxb5 31. Rh8+ Kd7 32. Be3 Nxc3 33. Nd4 c5 34. e6+ fxe6 35. Rh7+ Kc8 36. Rh8 cxd4 0-1

[Event "Early-Titled-Tuesday-Blitz-October-24-2023"]
[Site "Chess.com"]
[Date "2023.10.24"]
[Round "5"]
[White "vovachesss"]
[Black "surrenderPLS"]
[Result "1/2-1/2"]
[WhiteElo "2781"]
[BlackElo "2519"]
[TimeControl "180+1"]
[EndTime "8:55:10 PDT"]
[Termination "Game drawn - insufficient material"]

1. e4 c5 2. Nf3 Nc6 3. b4 cxb4 4. d4 d5 5. exd5 Qxd5 6. c4 bxc3 7. Nxc3 Qa5 8. d5 e6 9. dxc6 Bb4 10. Bd2 Bxc3 11. Rc1 Bxd2+ 12. Qxd2 Qxd2+ 13. Kxd2 bxc6 14. Rxc6 Bb7 15. Rc7 a6 16. Ne5 Ne7 17. Rxb7 O-O-O+ 18. Ke2 Kxb7 19. Nxf7 Rhf8 20. Nxd8+ Rxd8 21. g3 Nd5 22. Bg2 Kc7 23.
Rc1+ Kd6 24. Be4 h6 25. Rc4 Rb8 26. Bxd5 Rb2+ 27. Ke3 exd5 28. Ra4 Rb6 29. Kd4 Rc6 30. f4 g6 31. g4 Ke6 32. h4 h5 33. gxh5 gxh5 34.
Rb4 a5 35. Ra4 Kd6 36. Rxa5 Rc4+ 37. Ke3 Rc3+ 38. Kd4 Rc4+ 39. Ke3 Rc3+ 40. Ke2 Rh3 41. Ra6+ Kc5 42. Rh6 Rxh4 43. Kf3 Rh3+ 44. Kg2 Ra3 45. Rxh5 Kd4 46. f5 Rxa2+ 47. Kf3 Ke5 48. f6+ Ke6 49. f7 Ra3+ 50. Kf4 Ra4+ 51. Ke3 Ra3+ 52. Kd4 Ra4+ 53. Kd3 Kxf7 54. Rxd5 Ke6 55. Rd4 Rxd4+ 56. Kxd4 1/2-1/2

[Event "Early-Titled-Tuesday-Blitz-October-24-2023"]
[Site "Chess.com"]
[Date "2023.10.24"]
[Round "5"]
[White "gau248"]
[Black "Kildepiotr"]
[Result "1/2-1/2"]
[WhiteElo "2596"]
[BlackElo "2658"]
[TimeControl "180+1"]
[EndTime "8:55:12 PDT"]
[Termination "Game drawn by repetition"]

1. d4 c5 2. e3 Nf6 3. Nf3 d5 4. c4 Nc6 5. dxc5 e6 6. a3 Bxc5 7. b4 Be7 8. Bb2 O-O 9. Nbd2 a5 10. b5 Nb8 11. Be2 Nbd7 12. O-O a4 13. Rc1 b6 14. cxd5 exd5 15. Nd4 Bc5 16. Bd3 Ne5 17. Bb1 Bg4 18.
Qc2 Qd7 19. Nc6 Ng6 20. e4 Nxe4 21. Nxe4 dxe4 22. Qxe4 Rfe8 23. Qc4 Be2 24. Qc3 f6 25. Rfe1 Bxb5 26. Ba2+ Kh8 27. Nb4 Nf4 28. Bc4 Qg4 29. g3 Bxc4 30. Rxe8+ Rxe8 31. Qxc4 Re2 32. Bd4 Qf3 33.
gxf4 Rxf2 34. Qd5 Rg2+ 35. Kh1 Rxh2+ 36. Kxh2 Qxf4+ 37. Kg2 Qg4+ 38. Kh2 Qh4+ 39. Kg2 Qg4+ 40. Kh2 Qf4+ 41. Kg2 Qg4+ 1/2-1/2

[Event "Early-Titled-Tuesday-Blitz-October-24-2023"]
[Site "Chess.com"]
[Date "2023.10.24"]
[Round "5"]
[White "LiadCuba"]
[Black "DonCiao"]
[Result "1-0"]
[WhiteElo "2367"]
[BlackElo "2125"]
[TimeControl "180+1"]
[EndTime "8:55:12 PDT"]
[Termination "LiadCuba won on time"]

1. d4 Nf6 2. c4 g6 3. Nc3 d5 4. cxd5 Nxd5 5. Bd2 Nf6 6. Bg5 Bg7 7. Nf3 c5 8. dxc5 Qa5 9. Be3 O-O 10. Nd2 Ng4 11.
Nb3 Qb4 12. Bd4 e5 13. a3 Qc4 14. e4 Qe6 15. Be3 Nxe3 16. fxe3 Nc6 17. Nd5 Qg4 18.
Qxg4 Bxg4 19. Be2 Bxe2 20. Kxe2 a5 21. Rac1 a4 22. Nd2 Ra5 23. Nb6 Rd8 24. Rc4 f5 25.
Nxa4 Bf8 26. Rhc1 Rb5 27. b4 Ra8 28. Nc3 Rba5 29. bxa5 Nxa5 30. Ra4 Bxc5 31. Nd5 Bd6 32. Nc4 b5 33. Rxa5 Rc8 34. Ndb6 Rc6 35. Ra8+ Kg7 36. Ra7+ Kh6 37. Nxd6 Rxc1 38. exf5 gxf5 39. Nxf5+ Kg5 40.
Ng3 Rc2+ 41. Kf3 1-0

[Event "Early-Titled-Tuesday-Blitz-October-24-2023"]
[Site "Chess.com"]
[Date "2023.10.24"]
[Round "5"]
[White "Nick12772"]
[Black "jraosam"]
[Result "1-0"]
[WhiteElo "2378"]
[BlackElo "2138"]
[TimeControl "180+1"]
[EndTime "8:55:14 PDT"]
[Termination "Nick12772 won on time"]

1. Nf3 Nf6 2. g3 g6 3. Bg2 Bg7 4. O-O O-O 5. c4 d5 6. d4 dxc4 7. Ne5 Nc6 8. Nxc6 bxc6 9. Bxc6 Rb8 10. Bg2 Bb7 11. Bxb7 Rxb7 12. Na3 Qd5 13. e3 c5 14. dxc5 Qxc5 15. Qc2 Rc8 16. Bd2 Nd5 17. Rab1 c3 18.
bxc3 Rd7 19. Nb5 a6 20. Nd4 Bxd4 21. exd4 Qxd4 22. Qxg6+ hxg6 23. cxd4 Rc2 24. Be3 Rxa2 25. Ra1 Rxa1 26. Rxa1 Rd6 27. Ra5 e6 28. h4 Kf8 29.
Bg5 Ke8 30. g4 Kd7 31. h5 gxh5 32. gxh5 Kc7 33. h6 f6 34. Rc5+ Kb6 35. Bd2 Rd7 36.
Rc8 Rh7 37. Rg8 Kc6 38. Rg7 Rh8 39. h7 Kd6 40. Ra7 1-0

[Event "Early-Titled-Tuesday-Blitz-October-24-2023"]
[Site "Chess.com"]
[Date "2023.10.24"]
[Round "5"]
[White "Laico"]
[Black "pankajfm"]
[Result "1-0"]
[WhiteElo "2391"]
[BlackElo "2162"]
[TimeControl "180+1"]
[EndTime "8:55:14 PDT"]
[Termination "Laico won by resignation"]

1. e4 c5 2. Nc3 Nc6 3. f4 g5 4. Nf3 gxf4 5. d4 cxd4 6. Nxd4 Bg7 7. Nxc6 bxc6 8. Bxf4 Qa5 9. Qf3 Nf6 10. Bd3 d6 11.
O-O Rg8 12. Kh1 Bg4 13. Qe3 Qh5 14. e5 dxe5 15. Qxe5 Qxe5 16. Bxe5 h6 17. Rae1 Nd5 18. Nxd5 cxd5 19. Bb5+ Kf8 20. h3 Be6 21. Bd3 Bxe5 22. Rxe5 Kg7 23. Bf5 Bxf5 24. Rexf5 f6 25. Rxd5 Rgc8 26.
Rf2 Rab8 27. c3 Rb7 28. Rfd2 Rcc7 29. Kg1 Kf7 30. Kf2 e6 31. Rd8 Ke7 32. Rh8 Rd7 33.
Rh7+ Kd8 34. Rdxd7+ Rxd7 35. Rxd7+ Kxd7 36. Ke3 Kd6 37. g4 Ke5 38. c4 Kd6 39. b4 Kc6 40. Kd4 Kd6 41. a4 Kc6 42. b5+ Kd6 43. c5+ Kc7 44. a5 Kb7 45. c6+ Kc7 46. Kc5 f5 47. b6+ axb6+ 48.
axb6+ Kc8 49. gxf5 exf5 50. Kd5 1-0